 Dungeon Crawl Stone Soup version 0.23.2-33-g5129a83184 (webtiles) character file.

Game seed: 6958905606514335207

102 Folque001 the Covert (level 4, -4/33 HPs)
             Began as a Vampire Assassin on July 30, 2019.
             Slain by an orc priest
             ... wielding a +0 flail
              (7 damage)
             ... on level 3 of the Dungeon.
             The game lasted 00:09:11 (2754 turns).

Folque001 the Covert (Vampire Assassin)             Turns: 2754, Time: 00:09:11

Health: -4/33      AC:  0    Str: 11    XL:     4   Next: 50%
Magic:  2/4        EV: 18    Int: 15    God:
Gold:   148        SH:  0    Dex: 20    Spells: 3/3 levels left

rFire    . . .     SeeInvis +   (weapon currently unavailable)
rCold    + . .     Gourm    .   (shield currently unavailable)
rNeg     + + .     Faith    .   (armour currently unavailable)
rPois    +         Spirit   .   (helmet currently unavailable)
rElec    .         Reflect  .   (cloak currently unavailable)
rCorr    .         Harm     .   (gloves currently unavailable)
MR       .....     Clarity  +   (boots currently unavailable)
Stlth    ++++++....             (no amulet)
HPRegen  0.05/turn              (ring currently unavailable)
MPRegen  0.09/turn              (ring currently unavailable)

@: bat-form, flying, regenerating slowly, very quick
A: tiny, fangs 3, see invisible, clarity, clever 1
a: End Transformation


You were on level 3 of the Dungeon.
You were very thirsty.
You were in vampire-bat-form.
You visited 1 branch of the dungeon, and saw 3 of its levels.

You collected 148 gold pieces.

Inventory:

Hand Weapons
 a - a +2 dagger
 b - a +0 blowgun (melded)
 m - a +4 short sword
Missiles
 e - 36 poisoned needles
 f - 2 curare-tipped needles
Armour
 c - a +0 robe (melded)
 d - a +0 cloak (melded)
 k - a +0 helmet (melded)
Jewellery
 j - an uncursed amulet of regeneration {unknown}
Wands
 r - a wand of random effects (28)
Scrolls
 h - 3 scrolls of identify {unknown}
 n - a scroll of amnesia {unknown}
 p - 3 scrolls of remove curse {unknown}
Potions
 g - 9 potions of blood
 i - a potion of mutation
 l - a potion of curing {unknown}
 o - 2 potions of lignification {unknown}
 q - 2 potions of berserk rage {unknown}


   Skills:
 - Level 1.7 Fighting
 + Level 3.4 Short Blades
 - Level 1.5 Throwing
 - Level 1.1 Dodging
 * Level 8.2 Stealth


You had 3 spell levels left.
You didn't know any spells.
Your spell library was empty.

Dungeon Overview and Level Annotations

Branches:
Dungeon (3/15)

Altars:
Nemelex Xobeh
Uskayaw
Beogh

Annotations:
D:3 3 runed translucent doors, haesbaert's ghost, amateur KoAs


Innate Abilities, Weirdness & Mutations

You heal slowly.
You have razor-sharp teeth.
You have supernaturally acute eyesight. (SInv)
((You can survive without breathing.))
((You are mostly covered in yellow scales. (AC +3)))
You possess an exceptional clarity of mind.
Your mind is acute. (Int +2)


Message History

The orc priest looks even sicker.
The orc priest is lightly wounded.
The orc priest misses you.
You fail to use your ability.
You turn into a vampire bat.
Your +0 blowgun melds into your body.
Your +0 cloak melds into your body.
Your +0 helmet melds into your body.
Your +0 robe melds into your body.
The orc priest closely misses you.
The orc shouts!
You hit the orc but do no damage.
The orc priest hits you with a +0 flail.
* * * LOW HITPOINT WARNING * * *
The orc hits you with a +0 hand axe.
* * * LOW HITPOINT WARNING * * *
Unknown command.
It was a potion of mutation.
You feel extremely strange.
Yellow scales grow over part of your body.
You feel clever.
Your thoughts seem clearer.
Yellow scales spread over more of your body.
The orc priest hits you with a +0 flail!
You die...

#.###..###.# #.#.# #.
#..# #.#########.#.# #.
#..# #.#.[>........# #.
#..# #.#.#####.....#
#.o###....####.#..##
#.......#...##.#..#
#.####....#.##.#..# #.#
#.#o##.##.#..#
#.###.####.#b##.......#
#..........#o#####†##÷###
#####.######o# #.#.....#
#.. ..# ##....#.# ### #.#
##.##...#####
#.####%..#........ #..
........#####.
#.####...##.# #.
.#####..##.#####.


You could see an orc priest and 2 orcs.

Vanquished Creatures
  5 adders
  An ooze (D:1)
  A dart slug (D:1)
  2 leopard geckos
  A ball python (D:1)
  2 giant cockroaches
  11 goblins
  5 hobgoblins
  3 jackals (D:3)
  2 quokkas (D:2)
  4 bats
  2 frilled lizards
  4 kobolds
  4 rats
47 creatures vanquished.

Notes
Turn   | Place    | Note
-------+----------+-------------------------------------------
     0 | D:1      | Folque001 the Vampire Assassin began the quest for the Orb.
     0 | D:1      | Reached XP level 1. HP: 16/16 MP: 1/1
    31 | D:1      | Reached skill level 6 in Stealth
    85 | D:1      | Reached XP level 2. HP: 19/22 MP: 2/2
   128 | D:1      | Found a sparkling altar of Nemelex Xobeh.
   715 | D:1      | Reached skill level 7 in Stealth
   772 | D:1      | Reached XP level 3. HP: 27/27 MP: 3/3
   912 | D:2      | Found a hide-covered altar of Uskayaw.
  1008 | D:2      | Found a sparkling altar of Nemelex Xobeh.
  1814 | D:3      | Reached XP level 4. HP: 25/33 MP: 4/4
  2043 | D:3      | Reached skill level 8 in Stealth
  2420 | D:3      | Found a runed translucent gate.
  2422 | D:3      | Found a runed translucent gate.
  2423 | D:3      | Found a runed translucent gate.
  2425 | D:3      | Noticed haesbaert's ghost (amateur KoAs)
  2431 | D:3      | Found a roughly hewn altar of Beogh.
  2754 | D:3      | Gained mutation: You are partially covered in yellow
                  | scales. (AC +2) [potion of mutation]
  2754 | D:3      | Gained mutation: Your mind is acute. (Int +2) [potion of
                  | mutation]
  2754 | D:3      | Gained mutation: You possess an exceptional clarity of
                  | mind. [potion of mutation]
  2754 | D:3      | Gained mutation: You are mostly covered in yellow scales.
                  | (AC +3) [potion of mutation]
  2754 | D:3      | Slain by an orc priest

Skill      XL: |  1  2  3  4 |
---------------+-------------+-----
Stealth        | 6 7 8 |  8.2
Short Blades   | 3 |  3.4
Fighting       | |  1.7
Throwing       | |  1.5
Dodging        | |  1.1

Action                   |  1- 3 |  4- 6 || total
-------------------------+-------+-------++-------
Melee: Dagger            |    71 |       ||    71
       Bite              |     8 |     6 ||    14
       Short sword       |    29 |    41 ||    70
       Unarmed           |       |    25 ||    25
 Fire: Blowgun           |       |     2 ||     2
 Abil: Bat Form          |     5 |     6 ||    11
       End Transformatio |     5 |     5 ||    10
  Use: Potion            |       |     2 ||     2
 Stab: Sleeping          |     8 |     4 ||    12
       Distracted        |       |     1 ||     1
  Eat: Corpse            |       |     1 ||     1
Armor: Robe              |    19 |     6 ||    25
Dodge: Dodged            |    57 |    50 ||   107
